 Dungeon Crawl Stone Soup version 0.30.0-15-g856e2d3f33 (webtiles) character file.

Game seed: 8013032455600081689

123347 jasper the Stormcaller (level 16, 0/100 HPs)
             Began as a Tengu Air Elementalist on May 17, 2023.
             Was a High Priest of Vehumet.
             Hit by a silver javelin thrown by a merfolk javelineer (1 damage)
             ... on level 4 of the Shoals on May 18, 2023.
             The game lasted 00:50:15 (29606 turns).

jasper the Stormcaller (Tengu Air Elementalist)    Turns: 29606, Time: 00:50:16

Health: 0/100      AC: 11    Str: 11    XL:     16   Next: 90%
Magic:  6/30       EV: 22    Int: 34    God:    Vehumet [*****.]
Gold:   1042       SH:  6    Dex: 17    Spells: 4/33 levels left

rFire   + . .        l - staff of air
rCold   . . .        V - +0 buckler
rNeg    + . .        E - +1 robe of Pride {+Blink rF+ rN+ Archmagi}
rPois   +            M - +2 hat
rElec   +            C - +2 cloak {rPois}
rCorr   .            D - +2 pair of gloves {Dex+3}
SInv    .            (boots unavailable)
Will    .....        v - amulet of magic regeneration
Stlth   ++           X - +6 ring of intelligence
HPRegen 0.36/turn    c - +6 ring of intelligence
MPRegen 0.62/turn

%: archmagi
@: weak-willed, flying quickly and evasively, quick
A: beak, talons 3, nimble flight
a: Renounce Religion, Evoke Blink


You were on level 4 of the Shoals.
You worshipped Vehumet.
Vehumet was extremely pleased with you.
You visited 5 branches of the dungeon, and saw 27 of its levels.
You visited 1 bazaar.
You also visited: Volcano.

You collected 2743 gold pieces.
You spent 1701 gold pieces at shops.

Inventory:

Missiles
 s - 18 curare-tipped darts
 I - a throwing net
Armour
 C - a +2 cloak of poison resistance (worn)
 D - a +2 pair of gloves of dexterity (worn)
 E - the +1 robe of Pride (worn) {+Blink rF+ rN+ Archmagi}
   (You bought it in a shop on level 2 of the Orcish Mines)

   rF:        It protects you from fire.
   rN:        It protects you from negative energy.
   +Blink:    It lets you blink.
   Archmagi:  It increases the power of your magical spells.
 M - a +2 hat (worn)
 Q - +0 steam dragon scales
 V - a +0 buckler (worn)
Magical Staves
 l - a staff of air (weapon)
 O - a staff of cold
Jewellery
 c - a +6 ring of intelligence (right hand)
 n - an amulet of regeneration
 q - a ring of protection from fire
 t - a ring of protection from fire
 v - an amulet of magic regeneration (around neck)
 F - a ring of resist corrosion
 G - a +6 ring of strength
 H - a ring of poison resistance
 N - a ring of wizardry
 X - a +6 ring of intelligence (left hand)
 Y - a +5 ring of evasion
Wands
 u - a wand of flame (26)
 J - a wand of digging (6)
 S - a wand of paralysis (9)
 W - a wand of quicksilver (8)
 Z - a wand of mindburst (18)
Scrolls
 a - 10 scrolls of identify
 d - 5 scrolls of fog
 g - 5 scrolls of enchant weapon
 h - 6 scrolls of vulnerability
 j - 4 scrolls of fear
 m - 3 scrolls of magic mapping
 x - 11 scrolls of teleportation
 y - 2 scrolls of immolation
 K - 2 scrolls of torment
 T - 4 scrolls of poison
Potions
 b - a potion of magic
 e - 4 potions of resistance
 f - 26 potions of curing
 i - 2 potions of mutation
 k - 4 potions of haste
 o - 7 potions of might
 p - 5 potions of cancellation
 r - 2 potions of lignification
 z - 5 potions of flight
 A - 6 potions of attraction
 B - 3 potions of invisibility
 P - 5 potions of brilliance
 R - 2 potions of berserk rage
 U - 2 potions of ambrosia
Miscellaneous
 L - a lightning rod (2/4)


   Skills:
 - Level 11.1 Fighting
 - Level 12.0 Staves
 - Level 12.2 Dodging
 - Level 2.0 Stealth
 - Level 5.5 Shields
 - Level 9.0 Spellcasting
 - Level 10.0 Conjurations
 - Level 2.0 Translocations
 + Level 12.9 Fire Magic
 - Level 19.0 Air Magic
 - Level 6.0 Evocations


You had 4 spell levels left.
You knew the following spells:

 Your Spells              Type           Power      Damage    Failure   Level
a - Shock                 Conj/Air       100%       1d9       0%          1
b - Freezing Cloud        Conj/Ice/Air   55%        6-21      1%          5
c - Swiftness             Air            100%       N/A       0%          3
d - Airstrike             Air            72%        2d(11-27) 0%          4
e - Mephitic Cloud        Conj/Pois/Air  100%       N/A       1%          3
f - Blink                 Tloc           86%        N/A       2%          2
g - Arcjolt               Conj/Air       65%        1d75      1%          5
h - Plasma Beam           Fire/Air       67%        2x1d92    1%          6

Your spell library contained the following spells:

 Spells                   Type           Power      Damage    Failure   Level
 Eringya's Noxious Bog    Tmut/Pois      11%        N/A       80%         6
 Static Discharge         Conj/Air       100%       2-7/arc   0%          2
 Kiss of Death            Conj/Necr      100%       2d13      1%          1
 Magic Dart               Conj           100%       1d8       1%          1
 Sandblast                Erth           44%        2d11      1%          1
 Momentum Strike          Conj/Tloc      100%       3d10      1%          2
 Poisonous Vapours        Pois/Air       100%       N/A       1%          2
 Searing Ray              Conj           100%       2d8       1%          2
 Dazzling Flash           Conj/Hex       100%       N/A       1%          3
 Stone Arrow              Conj/Erth      100%       3d13      1%          3
 Volatile Blastmotes      Fire/Tloc      100%       2d18      1%          3
 Fulminant Prism          Conj/Hex       32%        3d15      1%          4
 Iskenderun's Mystic Bla  Conj/Tloc      71%        2d14      1%          4
 Lesser Beckoning         Tloc           86%        N/A       2%          2
 Necrotise                Necr           88%        1d8       4%          1
 Call Imp                 Summ           44%        N/A       6%          2
 Passwall                 Tmut/Erth      18%        N/A       6%          2
 Confusing Touch          Hex            22%        N/A       12%         3
 Vampiric Draining        Necr           22%        2d7       12%         3
 Animate Armour           Summ/Erth      44%        N/A       36%         4
 Dispel Undead            Necr           22%        3d12      36%         4
 Starburst                Conj/Fire      48%        6d13      1%          6
 Iron Shot                Conj/Erth      32%        9d7       21%         6
 Agony                    Necr           22%        N/A       73%         5
 Blade Hands              Tmut           11%        N/A       73%         5


Dungeon Overview and Level Annotations

Branches:
Dungeon (15/15)            Temple (1/1) D:5            Lair (5/5) D:8
 Shoals (4/4) Lair:3       Spider (0/4) Lair:2        Slime (0/5) Lair:4
    Orc (2/2) D:11            Elf (0/3) Orc:2        Vaults (0/5) D:14
 Depths (0/4) D:15        Volcano (visited)

Altars:
Dithmenos
Fedhas
Gozag
Kikubaaqudgha
Ru
Vehumet
Jiyva

Shops:
D:2 (   D:3 :[!   D:8 (?*:=   D:12 [   Orc:1 *   Orc:2 [![:

Annotations:
Lair:3 exclusion: oklob plant
Orc:1 3 runed translucent doors, pdpol's ghost, journeyman MiFi


Innate Abilities, Weirdness & Mutations

You have a beak for a mouth.
You have claws for feet.
Your magical nature lets you fly swiftly and evasively.


Message History

The thunderbolt hits the merfolk siren!!
You break out of your daze!
You kill the merfolk siren!
Vehumet accepts your kill.
You feel your power returning.
You hear a splash.
The manticore flicks its tail.
The volley of spikes misses you.
The faun shoots a sling bullet.
The sling bullet hits you!
The merfolk is engulfed in freezing vapours. x2
The merfolk throws a boomerang.
The boomerang hits you!
* * * LOW HITPOINT WARNING * * *
The faun gestures at you while chanting.
You struggle to resist.
The merfolk impaler closely misses you.
The wind drake is engulfed in freezing vapours.
You block the wind drake's attack.
You take 19 damage, and have 22/100 hp.
You regained 2 mp, and now have 4/30 mp.
Okay, then.
Blink to where?
Press: ? - help, Dir - move target A manticore comes into view.
As you read the scroll of blinking, it crumbles to dust.
The wind drake is engulfed in freezing vapours.
As you read the scroll of fear, it crumbles to dust.
You assume a fearsome visage.
The merfolk impaler looks frightened!
The manticore looks frightened!
The merfolk impaler looks frightened!
The merfolk looks frightened!
The wind drake looks frightened!
The merfolk looks frightened!
The merfolk impaler tries to recover its lost courage.
The wind drake flaps its wings at you. The air twists around and strikes you!
* * * LOW HITPOINT WARNING * * *
You take 15 damage, and have 7/100 hp.
A merfolk javelineer comes into view.
It is wielding a +1 heavy spear and quivering silver javelins.
The merfolk gibbers meaninglessly.
The merfolk javelineer throws a silver javelin.
The silver javelin pierces through you.
* * * LOW HITPOINT WARNING * * *
You die...

~~~~~~~ ~~~~~)~
)~~~~?~ ~ ~~~~~~!
##### ~P~
~~~~..)####...###..~~P
)~~.....#....@...~~≈~~
$~~..t)t..[~~~~..~~≈~~
~......k.~)~≈≈≈≈≈≈≈≈~~
~....)m..~)~≈≈≈≈≈≈≈~~~
......mm~~~~≈≈≈≈~~~~H~
...m..mc~~~~≈≈≈≈~~~~~~
...m...~~m~~~~~~~~~~~~
...H.c.)~m~~~~~m~~~~..
...c..).~~~~~~~~~~~.


You could see 3 merfolk impalers, a merfolk javelineer, a snapping turtle, a
wind drake (repels missiles, fleeing), 3 merfolk, a faun and a manticore
(fleeing).

Vanquished Creatures
  Mlioglotl (Lair:3)
  A kraken (Shoals:2)
  Agnes (D:15)
  Ilsuiw (Shoals:2)
  Snorg (Lair:4)
  3 merfolk javelineers (Shoals:2)
  A fire dragon (Volcano)
  2 ettins
  3 merfolk impalers
  Josephine (D:11)
  Erolcha (Orc:2)
  2 hydras
  An alligator snapping turtle (Shoals:2)
  2 merfolk avatars
  3 boulder beetles
  Erica (Lair:1)
  A catoblepas (D:15)
  6 centaur warriors
  2 dancing weapons (D:14)
  A satyr (Shoals:4)
  8 death yaks
  2 tengu warriors
  3 two-headed ogres
  An orc high priest (Orc:1)
  Sonja (D:11)
  6 skysharks
  4 skeletal warriors (D:15)
  Nergalle (Orc:2)
  2 deep trolls (D:15)
  6 sea snakes
  4 lindwurms (Volcano)
  8 harpies
  2 orc knights (Orc:1)
  2 deep elf pyromancers
  A necromancer (D:15)
  5 ugly things
  10 fauns
  8 orc sorcerers
  An oklob plant (Lair:3)
  13 manticores
  8 cyclopes
  12 elephants
  3 black mambas
  A torpor snail (Lair:1)
  2 water nymphs
  An unseen horror (D:12)
  9 merfolk sirens
  2 smoke demons (Volcano)
  An unseen horror (shapeshifter) (D:14)
  A rime drake (Lair:4)
  23 cane toads
  2 kobold demonologists
  5 komodo dragons
  A freezing wraith (D:15)
  3 tengu conjurers (D:15)
  3 wind drakes (Shoals:2)
  A meliai (Lair:2)
  5 trolls
  3 tyrant leeches (Lair:5)
  16 merfolk
  2 dream sheep (Shoals:2)
  3 snapping turtles
  A raiju (shapeshifter) (D:14)
  17 blink frogs
  4 shadows
  A centaur simulacrum (D:14)
  9 slime creatures
  7 wraiths
  A spriggan (Lair:2)
  4 water elementals (Shoals:3)
  A yak (shapeshifter) (D:13)
  53 yaks
  4 wyverns
  Grum (D:8)
  10 vampire mosquitoes
  5 basilisks
  A basilisk (shapeshifter) (D:15)
  A steam dragon (Volcano)
  5 wargs
  2 acid dragons
  3 hell hounds (Volcano)
  10 water moccasins
  19 orc warriors
  3 black bears
  19 wolves
  7 centaurs
  5 ogres
  A phantom (D:4)
  2 kobold brigands (D:11)
  16 bullfrogs
  Blork the orc (D:6)
  2 gnoll sergeants (D:9)
  A cane toad simulacrum (Lair:1)
  6 scorpions
  12 wights
  2 elephant simulacra (Lair:1)
  8 killer bees
  7 electric eels
  7 howler monkeys
  3 hounds
  11 orc priests
  A jelly (D:5)
  7 iguanas
  34 orc wizards
  8 hell rats
  A wolf simulacrum (Lair:1)
  9 adders
  9 gnolls (D:9)
  2 white imps
  2 ufetubi (D:6)
  3 worms (D:2)
  56 orcs
  A bat zombie (D:2)
  4 endoplasms
  6 goblins
  3 hobgoblins (D:1)
  10 jackals
  4 ball pythons
  A ball python skeleton (D:2)
  3 bats
  3 frilled lizards
  A giant cockroach zombie (D:2)
  11 kobolds
  A quokka skeleton (D:2)
  4 rats
686 creatures vanquished.

Vanquished Creatures (others)
  An ogre mage (Orc:2)
1 creature vanquished.

Grand Total: 687 creatures vanquished

Notes
Turn   | Place    | Note
-------+----------+-------------------------------------------
     0 | D:1      | jasper the Tengu Air Elementalist began the quest for the
                  | Orb.
     0 | D:1      | Reached XP level 1. HP: 10/10 MP: 4/4
   216 | D:1      | Reached XP level 2. HP: 16/16 MP: 3/6
   219 | D:1      | Learned a level 2 spell: Static Discharge
   580 | D:1      | Found a faded altar of an unknown god.
  1093 | D:2      | Reached skill level 1 in Fighting
  1093 | D:2      | Reached XP level 3. HP: 20/20 MP: 1/7
  1193 | D:2      | Reached skill level 5 in Air Magic
  1360 | D:2      | Identified the +1 robe "Byinlouh" {rElec rPois}
  1569 | D:2      | Reached XP level 4. HP: 14/25 MP: 0/8
  1573 | D:2      | Learned a level 3 spell: Swiftness
  1796 | D:2      | Found Pyacw's Weapon Boutique.
  2011 | D:3      | Noticed a black bear
  2025 | D:3      | Killed a black bear
  2026 | D:3      | Reached skill level 6 in Air Magic
  2026 | D:3      | Gained mutation: Your magical nature lets you fly swiftly
                  | and evasively. [Tengu growth]
  2026 | D:3      | Reached XP level 5. HP: 18/30 MP: 1/9
  2365 | D:3      | Found Syent's Book Boutique.
  2395 | D:3      | Reached XP level 6. HP: 36/36 MP: 3/10
  2555 | D:3      | Found Vufo's Armour Shoppe.
  2626 | D:3      | Found Fais's Distillery.
  3097 | D:4      | Reached skill level 7 in Air Magic
  3360 | D:4      | Reached XP level 7. HP: 30/41 MP: 0/11
  3365 | D:4      | Learned a level 4 spell: Airstrike
  3747 | D:4      | Reached skill level 8 in Air Magic
  4040 | D:5      | Entered Level 5 of the Dungeon
  4313 | D:5      | Reached skill level 5 in Dodging
  4569 | D:5      | Found a staircase to the Ecumenical Temple.
  4575 | D:5      | Reached skill level 9 in Air Magic
  4575 | D:5      | Reached XP level 8. HP: 37/48 MP: 6/12
  4583 | Temple   | Entered the Ecumenical Temple
  4674 | Temple   | Became a worshipper of Vehumet
  5909 | D:6      | Reached skill level 10 in Air Magic
  5960 | D:6      | Noticed a shadow
  5972 | D:6      | Killed a shadow
  5973 | D:6      | Reached skill level 5 in Fighting
  5997 | D:6      | Reached * piety under Vehumet
  5997 | D:6      | Offered knowledge of Kiss of Death by Vehumet.
  6086 | D:6      | Noticed Blork the orc
  6087 | D:6      | Killed Blork the orc
  6088 | D:6      | Reached skill level 11 in Air Magic
  6088 | D:6      | Reached XP level 9. HP: 54/54 MP: 8/13
  6166 | D:6      | Upgraded the game from 0.30.0-13-g156ef70053 to
                  | 0.30.0-15-g856e2d3f33
  6890 | D:7      | Reached skill level 12 in Air Magic
  7283 | D:8      | Noticed a two-headed ogre
  7283 | D:8      | Found Fefenkivu's Antique Weapon Emporium.
  7283 | D:8      | Found Weifeot's General Store.
  7283 | D:8      | Found a staircase to the Lair.
  7286 | D:8      | Killed a two-headed ogre
  7287 | D:8      | Reached skill level 13 in Air Magic
  7294 | D:8      | Reached XP level 10. HP: 19/61 MP: 1/14
  7435 | D:8      | Bought a potion of curing for 42 gold pieces
  7435 | D:8      | Bought a potion of curing for 42 gold pieces
  7697 | D:8      | Found Qithiy's Book Shop.
  7746 | D:8      | Found Legel's Jewellery Shop.
  7820 | D:8      | Found Reas's Magic Scroll Shoppe.
  7827 | D:8      | Offered knowledge of Foxfire by Vehumet.
  7849 | D:8      | Bought a scroll of blinking for 75 gold pieces
  7990 | D:8      | Reached ** piety under Vehumet
  8064 | D:8      | Noticed Grum
  8083 | D:8      | Killed Grum
  8084 | D:8      | Reached skill level 14 in Air Magic
  8654 | D:9      | Offered knowledge of Inner Flame by Vehumet.
  8678 | D:9      | Learned a level 3 spell: Mephitic Cloud
  8785 | D:9      | Reached skill level 15 in Air Magic
  8807 | D:9      | Reached XP level 11. HP: 38/68 MP: 6/15
  9274 | D:8      | Bought a book of Spatial Translocations for 234 gold pieces
  9309 | D:10     | Entered Level 10 of the Dungeon
  9313 | D:10     | Reached *** piety under Vehumet
  9346 | D:10     | Noticed a cyclops
  9350 | D:10     | Killed a cyclops
  9536 | D:10     | Learned a level 2 spell: Blink
  9595 | D:10     | Reached skill level 1 in Translocations
 10149 | D:10     | Offered knowledge of Flame Wave by Vehumet.
 10277 | D:11     | Noticed Sonja
 10281 | D:11     | Noticed Josephine
 10283 | D:11     | Killed Sonja
 10284 | D:11     | Reached skill level 16 in Air Magic
 10297 | D:11     | Killed Josephine
 10302 | D:11     | Reached skill level 10 in Dodging
 10549 | D:11     | Found a staircase to the Orcish Mines.
 10643 | D:11     | Noticed a two-headed ogre
 10647 | D:11     | Killed a two-headed ogre
 10647 | D:11     | Reached **** piety under Vehumet
 11095 | Lair:1   | Entered Level 1 of the Lair of Beasts
 11095 | Lair:1   | Found a frozen archway.
 11099 | Lair:1   | Reached XP level 12. HP: 76/76 MP: 12/19
 11107 | Lair:1   | Reached skill level 17 in Air Magic
 11109 | Lair:1   | Offered knowledge of Arcjolt by Vehumet.
 11197 | Lair:1   | Noticed a boulder beetle
 11220 | Lair:1   | Killed a boulder beetle
 11221 | Lair:1   | Reached skill level 5 in Spellcasting
 11376 | Lair:1   | Learned a level 5 spell: Arcjolt
 11452 | Lair:1   | Found a dark tunnel.
 11463 | Volcano  | Entered a volcano
 11564 | Volcano  | Reached skill level 5 in Conjurations
 11918 | Volcano  | Noticed a fire dragon
 11932 | Volcano  | Killed a fire dragon
 12114 | Lair:1   | Noticed Erica
 12120 | Lair:1   | Killed Erica
 12410 | Lair:1   | Reached skill level 10 in Conjurations
 12944 | Lair:2   | Noticed a death yak
 12944 | Lair:2   | Noticed a death yak
 12944 | Lair:2   | Noticed a death yak
 12946 | Lair:2   | Noticed a death yak
 12946 | Lair:2   | Noticed a death yak
 12947 | Lair:2   | Noticed a death yak
 12976 | Lair:1   | Killed a death yak
 13023 | Lair:2   | Noticed a death yak
 13027 | Lair:2   | Noticed a death yak
 13272 | Lair:3   | Noticed a six-headed hydra
 13278 | Lair:3   | Killed a six-headed hydra
 13279 | Lair:3   | Reached XP level 13. HP: 81/81 MP: 9/22
 13559 | Lair:3   | Reached skill level 18 in Air Magic
 13838 | Lair:3   | Found a staircase to the Shoals.
 13873 | Lair:3   | Reached skill level 10 in Fighting
 14359 | Orc:1    | Entered Level 1 of the Orcish Mines
 14362 | Orc:1    | Noticed an ettin
 14370 | Orc:1    | Killed an ettin
 14824 | Orc:1    | Found a runed translucent gate.
 14828 | Orc:1    | Found a runed translucent gate.
 14828 | Orc:1    | Found an opulent altar of Gozag.
 14829 | Orc:1    | Found a runed translucent gate.
 14830 | Orc:1    | Noticed pdpol's ghost (journeyman MiFi)
 14844 | Orc:1    | Found Ysieguba's Assorted Antiques.
 14881 | Orc:1    | Reached ***** piety under Vehumet
 14881 | Orc:1    | Offered knowledge of Lee's Rapid Deconstruction by Vehumet.
 15350 | Orc:2    | Entered Level 2 of the Orcish Mines
 15528 | Orc:2    | Found a staircase to the Elven Halls.
 15748 | Orc:2    | Found a flickering gateway to a bazaar.
 15757 | Bazaar   | Entered a bazaar
 15757 | Bazaar   | Found Reneataq's Book Shop.
 15757 | Bazaar   | Found Dij Iwepp's Antique Weapon Shoppe.
 15759 | Bazaar   | Found Boumuah's Antique Armour Shop.
 15759 | Bazaar   | Found Jushyg's Book Emporium.
 15818 | Bazaar   | Bought a book of Vapours for 338 gold pieces
 15976 | Orc:2    | Learned a level 5 spell: Freezing Cloud
 16086 | Orc:2    | Found an ancient bone altar of Kikubaaqudgha.
 16087 | Orc:2    | Noticed Nergalle
 16093 | Orc:2    | Reached skill level 19 in Air Magic
 16093 | Orc:2    | HP: 1/76 [spectral orc warlord/+0 battleaxe[Nergalle] (12)]
 16390 | Orc:2    | Found Sykk's Distillery.
 16397 | Orc:2    | Bought a potion of curing for 48 gold pieces
 16397 | Orc:2    | Bought 2 potions of curing for 96 gold pieces
 16397 | Orc:2    | Bought a potion of resistance for 160 gold pieces
 16412 | Orc:2    | Noticed Erolcha
 16415 | Orc:2    | Killed Erolcha
 16428 | Orc:2    | Found a radiant altar of Vehumet.
 16558 | Orc:2    | Found Luffegem's Book Shoppe.
 16668 | Orc:2    | Killed Nergalle
 16677 | Orc:2    | Paralysed by an orc sorcerer for 3 turns
 16836 | Orc:2    | Found Jotureat's Antique Armour Emporium.
 16843 | Orc:2    | Found Ehoesiwk's Antique Armour Emporium.
 16848 | Orc:2    | Bought a distressingly furry robe for 216 gold pieces
 16848 | Orc:2    | Identified the +1 robe of Pride {+Blink rF+ rN+ Archmagi}
                  | (You bought it in a shop on level 2 of the Orcish Mines)
 16866 | Orc:2    | Bought a glowing hat for 210 gold pieces
 17814 | Lair:2   | Reached skill level 1 in Staves
 17814 | Lair:2   | Reached skill level 1 in Evocations
 17844 | Lair:2   | Offered knowledge of Spellforged Servitor by Vehumet.
 17845 | Lair:2   | Reached XP level 14. HP: 77/90 MP: 16/24
 17994 | Lair:2   | Identified the +8 ring mail of the Battered Seers {Rampage}
 18190 | Lair:2   | Reached skill level 1 in Shields
 18281 | Lair:2   | Found a hole to the Spider Nest.
 19444 | Lair:4   | Noticed Snorg
 19449 | Lair:4   | Killed Snorg
 19701 | Lair:4   | Found a viscous altar of Jiyva.
 19702 | Lair:4   | Found a staircase to the Slime Pits.
 20018 | Lair:5   | Entered Level 5 of the Lair of Beasts
 20023 | Lair:5   | Reached skill level 5 in Staves
 20162 | Lair:5   | Reached skill level 5 in Evocations
 20353 | Lair:5   | Offered knowledge of Plasma Beam by Vehumet.
 20356 | Lair:5   | Reached skill level 5 in Shields
 21038 | Lair:5   | Reached XP level 15. HP: 94/94 MP: 24/28
 21050 | Lair:5   | Learned a level 6 spell: Plasma Beam
 21142 | Lair:5   | Identified a scroll of acquirement
 21142 | Lair:5   | Acquired a staff of air
 22131 | D:12     | Found Saesogash's Armour Emporium.
 22135 | D:12     | Bought a +2 cloak of poison resistance for 240 gold pieces
 23276 | D:14     | Offered knowledge of Conjure Ball Lightning by Vehumet.
 23593 | D:14     | Found a gate to the Vaults.
 23855 | D:14     | Reached skill level 10 in Staves
 24054 | D:15     | Entered Level 15 of the Dungeon
 24284 | D:15     | Found a staircase to the Depths.
 24681 | D:15     | Reached skill level 1 in Fire Magic
 24918 | D:15     | Noticed Agnes
 24927 | D:15     | Killed Agnes
 25483 | Shoals:1 | Entered Level 1 of the Shoals
 25483 | Shoals:1 | Noticed Mlioglotl
 25497 | Lair:3   | Killed Mlioglotl
 25612 | Shoals:1 | Reached XP level 16. HP: 100/100 MP: 28/30
 25620 | Shoals:1 | Reached skill level 5 in Fire Magic
 26538 | Shoals:2 | Noticed Ilsuiw
 26542 | Shoals:2 | Killed Ilsuiw
 26623 | Shoals:2 | Offered knowledge of Eringya's Noxious Bog by Vehumet.
 27157 | Shoals:2 | Noticed a kraken
 27176 | Shoals:2 | Killed a kraken
 27287 | Shoals:2 | Reached skill level 10 in Fire Magic
 29217 | Shoals:4 | Entered Level 4 of the Shoals
 29606 | Shoals:4 | HP: 1/100 [merfolk javelineer/silver javelin (6)]
 29606 | Shoals:4 | Hit by a silver javelin thrown by a merfolk javelineer

Illustrated notes

Levels and vault maps discovered:
D:1:      dpeg_arrival_simpleton_b, layout_basic,
          ebering_ecumenical_altar_abandoned, serial_bayou_ford_a
D:2:      layout_basic, serial_shops, shop, serial_undead, serial_undead_c,
          serial_undead_a, serial_undead_a, serial_undead_f, serial_undead_b,
          nrook_mini_backslash
D:3:      layout_basic, serial_shops, shop, shop, nicolae_shop_rolling_square
D:4:      layout_gridville, nicolae_overflow_hidden_temple, kennysheep_diamond,
          minivault_1, guppyfry_early_lair_pool
D:5:      nicolae_cairo_tiling, layout_loops_ring,
          minmay_temple_entry_proselytizer
D:6:      layout_rooms, uniq_blork_the_orc
D:7:      layout_basic, kennysheep_boxes
D:8:      layout_loops_ring, lair_entry_dummy, serial_shops,
          nicolae_shop_just_a_little_nook, shop, shop, shop, shop, uniq_grum
D:9:      layout_cave_pools
D:10:     layout_roguey
D:11:     layout_basic, david_orc_2, uniq_josephine, uniq_sonja
D:12:     layout_loops_corners, serial_shops, nicolae_shop_back_alley_shop
D:13:     layout_roguey, minmay_splitting_lines, grunt_decor_clamped
D:14:     layout_roguey, erik_vaults_1, corexii_leaking_fountain
D:15:     hangedman_depths_entry_civil_slaughter, layout_irregular_city,
          hangedman_decor_points, uniq_agnes
Temple:   mainiacjoe_temple_big_plus
Lair:1:   layout_cave_pods, portal_ice_cave_entry_ice_simulacra,
          nicolae_volcano_entry_lava_flow, st_stairs_10, serial_bayou_shore_b,
          lemuel_fruit_fields, grunt_megastairs_4, lemuel_fruit_fields,
          infiniplex_staircase_pool, uniq_erica
Lair:2:   layout_concentric_octagons, hellmonk_spider_entry_not_the_bees,
          grunt_forest_large_clearing_hut, serial_bayou_shore_a
Lair:3:   minmay_lair_oklob_chamber, layout_loops_ring, shoals_dummy_entry,
          nzn_sisyphean_effort, grunt_megastairs_5
Lair:4:   layout_long_grid, dpeg_slime_entry_enclosed, uniq_snorg
Lair:5:   minmay_lair_end_frog_pond, layout_regular_city
Shoals:1: layout_shoals, uniq_mlioglotl
Shoals:2: layout_shoals, uniq_ilsuiw
Shoals:3: layout_shoals, nicolae_shoals_elemental_ambush
Shoals:4: shoals_end_grunt_garden, layout_shoals, serial_shops, shop,
          nicolae_shoals_dead_sea_scrolls
Orc:1:    layout_caves, ebering_ghost_gozag
Orc:2:    kennysheep_orc_mage_school, layout_caves, serial_shops,
          bzr_entry_lakeside

Skill      XL: |  1  2  3  4  5  6  7  8  9 10 11 12 13 14 15 16 |
---------------+-------------------------------------------------+-----
Fighting       | 1 2 3 4 5 6 8 9 11 | 11.1
Air Magic      | 5 6 7 9 11 13 15 16 17 19 | 19.0
Dodging        | 3 4 5 6 7 9 10 12 | 12.2
Spellcasting   | 4 5 6 8 9 |  9.0
Translocations | 2 |  2.0
Conjurations   | 10 | 10.0
Staves         | 1 6 12 | 12.0
Evocations     | 1 5 6 |  6.0
Shields        | 5 |  5.5
Fire Magic     | 4 12 | 12.9
Stealth        | |  2.0

Action                     |  1- 3 |  4- 6 |  7- 9 | 10-12 | 13-15 | 16-18 || total
---------------------------+-------+-------+-------+-------+-------+-------++-------
  Melee: Short sword       |     1 |       |       |       |       |       ||     1
         Great sword       |     3 |    13 |    12 |       |       |       ||    28
         Kick              |       |     3 |     7 |    30 |    41 |     2 ||    83
         Peck              |       |       |     2 |    18 |    29 |     1 ||    50
         Dire flail        |       |       |     6 |    70 |    42 |       ||   118
         Staff             |       |       |       |       |    50 |     2 ||    52
   Cast: Shock             |    66 |   104 |   115 |   104 |    91 |       ||   480
         Static Discharge  |     1 |     4 |    31 |    32 |       |       ||    68
         Airstrike         |       |       |    28 |   145 |   288 |       ||   461
         Swiftness         |       |       |       |     1 |     1 |       ||     2
         Arcjolt           |       |       |       |    29 |    95 |     3 ||   127
         Freezing Cloud    |       |       |       |       |   130 |    14 ||   144
         Plasma Beam       |       |       |       |       |     6 |   113 ||   119
  Evoke: Wand              |       |       |       |     3 |     3 |       ||     6
         Lightning rod     |       |       |       |       |     6 |     6 ||    12
    Use: Scroll            |       |       |    15 |    10 |     7 |     3 ||    35
         Potion            |       |       |       |     5 |     4 |     3 ||    12
 Armour: Robe              |     9 |     5 |     7 |    29 |    19 |    14 ||    83
  Dodge: Dodged            |    27 |    28 |    66 |   203 |   186 |    66 ||   576
  Block: Buckler           |       |       |       |       |    21 |    13 ||    34
